 Dungeon Crawl Stone Soup version 0.28-a0-1624-g820543e53a (webtiles) character file.

Game seed: 14815611103165843017

471 frimble the Grasshopper (level 6, -2/44 HPs)
             Began as a Demonspawn Warper on Jan 23, 2022.
             Killed from afar by Ijyb (12 damage)
             ... with a puff of flame
             ... on level 5 of the Dungeon.
             The game lasted 00:06:12 (5124 turns).

frimble the Grasshopper (Demonspawn Warper)         Turns: 5124, Time: 00:06:12

Health: -2/44      AC:  5    Str: 12    XL:     6   Next: 83%
Magic:  7/9        EV: 16    Int: 22    God:
Gold:   159        SH:  0    Dex: 12    Spells: 2/9 levels left

rFire   . . .      SeeInvis .   c - +1 short sword (speed)
rCold   . . .      Faith    .   (no shield)
rNeg    . . .      Spirit   .   b - +0 leather armour
rPois   .          Reflect  .   g - +0 helmet
rElec   .          Harm     .   (no cloak)
rCorr   .          Rampage  .   (no gloves)
Will    .....                   (no boots)
Stlth   ++........              (no amulet)
HPRegen 0.14/turn               e - +6 ring of intelligence
MPRegen 0.11/turn               n - +4 ring of evasion

@: on blink cooldown
A: icemail 1, powered by death 1, sharp scales 1, condensation shield
a: no special abilities


You were on level 5 of the Dungeon.
You visited 1 branch of the dungeon, and saw 5 of its levels.

You collected 159 gold pieces.

Inventory:

Hand Weapons
 c - a +1 short sword of speed (weapon)
 f - a +3 dagger
Missiles
 d - 4 boomerangs of dispersal
 h - 9 poisoned darts (quivered)
Armour
 b - a +0 leather armour (worn)
 g - a +0 helmet (worn)
Jewellery
 e - a +6 ring of intelligence (left hand)
 l - a ring of see invisible
 n - a +4 ring of evasion (right hand)
Scrolls
 i - a scroll of enchant armour
Potions
 a - a potion of attraction {unknown}
 j - a potion of curing
 k - a potion of degeneration {unknown}
 m - a potion of berserk rage {unknown}
 o - a potion of resistance


   Skills:
 - Level 2.0 Fighting
 + Level 4.0 Short Blades
 - Level 1.0 Throwing
 - Level 1.0 Armour
 + Level 3.1 Dodging
 + Level 3.5 Stealth
 - Level 2.0 Spellcasting
 - Level 4.0 Translocations


You had 2 spell levels left.
You knew the following spells:

 Your Spells              Type           Power      Damage    Failure   Level
a - Blink                 Tloc           38%        N/A       4%          2
b - Teleport Other        Tloc           19%        N/A       10%         3
c - Passwall              Tmut/Erth      1%         N/A       26%         2

Your spell library contained the following spells:

 Spells                   Type           Power      Damage    Failure   Level
 Corpse Rot               Necr/Air       4%         N/A       26%         2
 Ensorcelled Hibernation  Hex/Ice        4%         N/A       26%         2
 Gell's Gravitas          Tloc           19%        N/A       10%         3
 Lesser Beckoning         Tloc           19%        N/A       10%         3
 Swiftness                Air            2%         N/A       45%         3
 Manifold Assault         Tloc           19%        N/A       67%         5
 Dispel Undead            Necr           2%         3d7       86%         4
 Death Channel            Necr           1%         N/A       100%        6


Dungeon Overview and Level Annotations

Branches:
Dungeon (5/15)
 Temple: D:4-7

Altars:
Gozag

Annotations:
D:5 Ijyb


Innate Abilities, Weirdness & Mutations

A meltable icy envelope protects you from harm. (AC +0)
You regenerate a little health from kills.
You are partially covered in razor-sharp scales. (AC +1, Slay +1)
A meltable shield of frost defends you. (SH +0)


Message History

The centaur hits you but does no damage.
The centaur closely misses you. Ijyb hits you but does no damage.
You hit Ijyb but do no damage.
Ijyb is severely wounded.
The centaur misses you.
The centaur kicks you but does no damage.
You barely miss Ijyb.
Ijyb is severely wounded.
The centaur hits you but does no damage.
The centaur kicks you but does no damage.
Ijyb zaps a wand.
The puff of flame hits you!
* * * LOW HITPOINT WARNING * * *
You hit Ijyb.
Ijyb is severely wounded.
The centaur misses you.
The centaur kicks you but does no damage.
You closely miss Ijyb.
Ijyb is severely wounded.
Ijyb misses you.
The centaur hits you but does no damage.
The centaur kicks you but does no damage.
Okay, then.
Unknown command.
Okay, then.
Unknown command.
Casting: Blink (safe; 4% risk of failure)
Confirm with . or Enter, or press ? or * to list all spells.
You blink.
The centaur wields a +0 shortbow.
The centaur shoots an arrow.
The arrow closely misses you.
Ijyb zaps a wand.
The puff of flame hits you.
* * * LOW HITPOINT WARNING * * *
You aren't carrying any items that you can evoke.
Okay, then.
Unknown command.
Okay, then.
Unknown command.
It was a potion of curing.
You feel better.
The centaur shoots an arrow.
The arrow hits you!
* * * LOW HITPOINT WARNING * * *
Ijyb zaps a wand.
The puff of flame hits you!
You die...

....### ##..# ..... .#..##.
#...##....... #.#..........
#.....c...... #...§g.....?
##..........# ##########
##.!.......... .........#
##..@.......... .<.(.....#
##..........?...
........[###.......#.....##
.........#...........>..##
##..#....................
##.......##(.......##.#.
#..................# #
...##....(##..........
#.....#...##........##


You could see Ijyb and a centaur.

Vanquished Creatures
  A phantom (D:3)
  2 scorpions
  A water moccasin skeleton (D:4)
  A hound (D:4)
  2 orc wizards
  A scorpion zombie (D:3)
  A hound skeleton (D:4)
  2 adders (D:2)
  An ufetubus (D:4)
  2 worms
  2 dart slugs
  6 orcs
  8 ball pythons
  3 endoplasms
  4 giant cockroaches
  10 hobgoblins
  6 kobolds
  A quokka (D:1)
  4 bats
  2 frilled lizards (D:3)
  13 goblins
  8 rats
81 creatures vanquished.

Vanquished Creatures (others)
  8 plants (D:4)
8 creatures vanquished.

Grand Total: 89 creatures vanquished

Notes
Turn   | Place    | Note
-------+----------+-------------------------------------------
     0 | D:1      | frimble the Demonspawn Warper began the quest for the Orb.
     0 | D:1      | Reached XP level 1. HP: 16/16 MP: 3/3
    68 | D:1      | Reached skill level 1 in Throwing
    92 | D:1      | Reached skill level 1 in Armour
   327 | D:1      | Gained mutation: A meltable shield of frost defends you.
                  | (SH +0) [demonic ancestry]
   327 | D:1      | Reached XP level 2. HP: 21/22 MP: 5/5
   540 | D:1      | Learned a level 2 spell: Blink
  1036 | D:2      | Gained mutation: You are partially covered in razor-sharp
                  | scales. (AC +1, Slay +1) [demonic ancestry]
  1036 | D:2      | Reached XP level 3. HP: 15/27 MP: 6/6
  1151 | D:2      | Reached skill level 1 in Stealth
  1505 | D:2      | Noticed a scorpion
  1520 | D:2      | Killed a scorpion
  1521 | D:2      | Gained mutation: You regenerate a little health from kills.
                  | [demonic ancestry]
  1521 | D:2      | Reached XP level 4. HP: 22/33 MP: 4/7
  2032 | D:2      | Found a faded altar of an unknown god.
  2185 | D:3      | Found an opulent altar of Gozag.
  2618 | D:2      | Reached XP level 5. HP: 14/38 MP: 4/8
  3112 | D:3      | Noticed a phantom
  3140 | D:3      | Killed a phantom
  3413 | D:3      | Gained mutation: A meltable icy envelope protects you from
                  | harm. (AC +0) [demonic ancestry]
  3413 | D:3      | Reached XP level 6. HP: 21/44 MP: 9/9
  4000 | D:4      | Learned a level 3 spell: Teleport Other
  4834 | D:4      | Learned a level 2 spell: Passwall
  5086 | D:5      | Entered Level 5 of the Dungeon
  5101 | D:5      | Noticed Ijyb
  5124 | D:5      | Killed from afar by Ijyb

Illustrated notes

Levels and vault maps discovered:
D:1:      lordsloth_arrival_two_stooges, layout_loops_ring
D:2:      layout_basic, chequers_ecumenical_altar_grove
D:3:      layout_rooms, nicolae_gozag_seed_capital, minmay_increasing_density
D:4:      cheibrodos_greedy_goblins, layout_loops_ring, serial_bayou,
          serial_bayou_lagoon_a, serial_bayou_crossing, serial_bayou_lake_a,
          serial_bayou_lagoon_b, serial_bayou_pond_a, serial_bayou_ford_a,
          st_stairs_14
D:5:      layout_rooms, chequers_serial_rivers_small_b, minmay_misc_feat_five,
          uniq_ijyb

Skill      XL: |  1  2  3  4  5  6 |
---------------+-------------------+-----
Throwing       | 1 |  1.0
Armour         | 1 |  1.0
Short Blades   | 2 3 4 |  4.0
Translocations | 3 4 |  4.0
Stealth        | 1 2 3 |  3.5
Dodging        | 2 3 |  3.1
Fighting       | |  2.0
Spellcasting   | |  2.0

Action                   |  1- 3 |  4- 6 || total
-------------------------+-------+-------++-------
Melee: Short sword       |    20 |   200 ||   220
       Dagger            |    74 |    58 ||   132
       Punch             |       |     5 ||     5
Throw: Dart              |       |     2 ||     2
       Boomerang         |       |     1 ||     1
 Cast: Blink             |     1 |     4 ||     5
Evoke: Wand              |     2 |     1 ||     3
  Use: Scroll            |     2 |     3 ||     5
       Potion            |       |     3 ||     3
 Stab: Sleeping          |     1 |     5 ||     6
Armor: Leather armour    |    16 |    76 ||    92
Dodge: Dodged            |    44 |    98 ||   142
Block: Other             |    12 |    19 ||    31

Table legend: (Time is in decaauts)
 A = Elapsed time spent in this place.
 B = Non-inter-level travel time spent in this place.
 C = Inter-level travel time spent in this place.
 D = Time resting spent in this place.
 E = Time spent auto-exploring this place.
 F = Levels seen in this place.
 G = Mean time per level.
                   A        B        C        D        E       F      G
               +--------+--------+--------+--------+--------+-----+--------+
         Total |   5133 |   4968 |    165 |    256 |   3967 |   5 | 1026.6 |
       Dungeon |   5133 |   4968 |    165 |    256 |   3967 |   5 | 1026.6 |
               +--------+--------+--------+--------+--------+-----+--------+

Top non-repeatable levels by time:
     D:2: 1838 daAuts
     D:3: 1318 daAuts
     D:4: 1088 daAuts
     D:1: 856 daAuts
     D:5: 31 daAuts
